 Dungeon Crawl Stone Soup version 0.31.0-9-g3a7656b989 (webtiles) character file.

Game seed: 9176617933851122413

333 qw the Ducker (level 6, -2/30 HPs)
             Began as a Spriggan Hunter on Feb 2, 2024.
             Incinerated by a bombardier beetle (4 damage)
             ... with a burning spray
             ... on level 4 of the Dungeon.
             The game lasted 00:00:08 (2320 turns).

qw the Ducker (Spriggan Hunter)                     Turns: 2320, Time: 00:00:09

Health: -2/30      AC:  5    Str:  7    XL:     6   Next: 27%
Magic:  7/7        EV: 23    Int: 10    God:
Gold:   157        SH:  0    Dex: 21    Spells: 5/5 levels left

rFire   . . .        a - +1 shortbow (heavy)
rCold   . . .        (shield currently unavailable)
rNeg    . . .        c - +0 robe
rPois   .            (helmet restricted)
rElec   .            h - +2 cloak
rCorr   .            (gloves unavailable)
SInv    +            (boots unavailable)
Will    +....        (no amulet)
Stlth   +            (no ring)
HPRegen 0.25/turn    (no ring)
MPRegen 0.10/turn

%: no passive effects
@: on fire, glowing, very quick
A: very small, no large weapons, unfitting armour, see invisible, speed 3
a: no special abilities


You were on level 4 of the Dungeon.
You visited 1 branch of the dungeon, and saw 4 of its levels.

You collected 157 gold pieces.


Innate Abilities, Weirdness & Mutations

You are very small and have problems with some larger weapons.
You are too small for most types of armour.
You have supernaturally acute eyesight. (SInv)
You cover ground extremely quickly. (Speed+++)


   Skills:
 - Level 2.3 Fighting
 + Level 5.0 Ranged Weapons
 - Level 7.4 Dodging
 - Level 1.5 Stealth


You had 5 spell levels left.
You didn't know any spells.
Your spell library was empty.

Inventory:

Hand Weapons
 a - a +1 heavy shortbow (weapon)
Armour
 c - a +0 robe (worn)
 h - a +2 cloak (worn)
Jewellery
 j - an amulet of reflection
Wands
 d - a wand of light (7)
 e - a wand of flame (16)
Potions
 b - a potion of invisibility {unknown}
 f - 2 potions of curing
 g - a potion of degeneration {unknown}
 i - 3 potions of might
 k - a potion of brilliance {unknown}

Dungeon Overview and Level Annotations

Branches:
Dungeon (4/15)
 Temple: D:4-7

Altars:
Cheibriados
Ru
Wu Jian

Shops:
D:4 =

Annotations:
D:3 1 runed translucent door, qw's ghost, amateur SpHu


Message History

Found a stone staircase leading down.
Found a dagger.
Found a book of Vapours.
Found a dagger.
You see here a +0 dagger.
Found 8 stones.
You see here 8 stones.
Found a quarterstaff.
Found an escape hatch in the floor.
k - a black potion
There is an escape hatch in the floor here.
You now have 157 gold pieces (gained 17).
A bombardier beetle comes into view.
You shoot an arrow. The arrow hits the bombardier beetle!
The bombardier beetle is severely wounded.
The bombardier beetle sprays incendiary fluid at you.
The burning spray hits you.
You are covered in liquid fire!
You shoot an arrow. The arrow hits the bombardier beetle.
The bombardier beetle is almost dead.
The liquid fire burns you!
You shoot an arrow. The arrow hits the bombardier beetle.
You kill the bombardier beetle!
The liquid fire burns you!
Your Fighting skill increases to level 2!
You are on fire!
The liquid fire burns you!
You are on fire!
The liquid fire burns you!
You are on fire!
The liquid fire burns you!
You are on fire!
The liquid fire burns you!
You are on fire!
The liquid fire burns you!
You are on fire!
The liquid fire burns you!
You are on fire!
The liquid fire burns you!
You die...

#### ###############
...#######......@.......
#..........>...##.......
#.##.###.#..#### %#.###.
#.##.# #.........#. #
..##.# #....#####.#.
...#.# #....# .. .#....
#....# ## # .... ......
#..).##.....


There were no monsters in sight!

Vanquished Creatures
  Grinder (D:3)
  A bombardier beetle (D:4)
  3 adders
  A dart slug (D:1)
  3 ribbon worms
  8 orcs (D:3)
  11 endoplasms
  2 giant cockroaches
  6 goblins
  5 hobgoblins
  A jackal (D:2)
  7 kobolds
  2 quokkas (D:2)
  3 ball pythons
  12 bats
  3 frilled lizards
  5 rats
74 creatures vanquished.

Notes
Turn   | Place    | Note
-------+----------+-------------------------------------------
     0 | D:1      | qw the Spriggan Hunter began the quest for the Orb.
     0 | D:1      | Reached XP level 1. HP: 10/10 MP: 2/2
     0 | D:1      | 0 ||| qw: Version: 0.3-a-155-g5e7d8dd
     0 | D:1      | 0 ||| qw: Game counter: 1292
     0 | D:1      | 0 ||| qw: Melee chars always use a shield: true
     0 | D:1      | 0 ||| qw: God list: Okawaru
     0 | D:1      | 0 ||| qw: Allow faded altars: false
     0 | D:1      | 0 ||| qw: Do Orc after clearing Dungeon:15 true
     0 | D:1      | 0 ||| qw: Do second Lair branch before Depths: true
     0 | D:1      | 0 ||| qw: Lair rune preference: random
     0 | D:1      | 0 ||| qw: Goals: Normal
     0 | D:1      | 0 ||| PLANNING D:1-11
    45 | D:1      | Reached skill level 3 in Dodging
   136 | D:1      | Reached XP level 2. HP: 14/14 MP: 3/3
   330 | D:1      | Reached skill level 4 in Dodging
   355 | D:1      | Found a faded altar of an unknown god.
   621 | D:1      | 621 ||| UPGRADING to +2 cloak.
   626 | D:1      | 626 ||| READING 2 scrolls labelled POUTRI FANYCW.
   626 | D:1      | 626 ||| IDENTIFYING viscous green potion
   627 | D:1      | 627 ||| READING scroll of identify.
   627 | D:1      | 627 ||| IDENTIFYING lumpy inky potion
   628 | D:1      | 628 ||| READING 2 scrolls labelled ARYMOU UNUFIG.
   628 | D:1      | 628 ||| BRANDING +0 shortbow.
   629 | D:1      | 629 ||| READING scroll of brand weapon.
   629 | D:1      | 629 ||| BRANDING +0 shortbow of flaming.
   630 | D:1      | 630 ||| READING scroll labelled IQOKUUTZYW.
   631 | D:1      | 631 ||| DROPPING scroll of butterflies.
   692 | D:2      | Found a snail-covered altar of Cheibriados.
   719 | D:2      | Reached XP level 3. HP: 18/18 MP: 4/4
   972 | D:2      | You fall into a shaft and drop 1 floor!
   976 | D:3      | 976 ||| READING scroll labelled KETZYLU WENI.
   977 | D:3      | 977 ||| READING scroll labelled GUWOWN DY HEA.
   977 | D:3      | 977 ||| ENCHANTING +0 heavy shortbow.
  1335 | D:2      | 1335 ||| READING scroll labelled OROGAM VEIMAO.
  1407 | D:3      | Reached XP level 4. HP: 22/22 MP: 5/5
  1480 | D:3      | Found a runed translucent door.
  1485 | D:3      | Noticed qw's ghost (amateur SpHu)
  1643 | D:3      | Noticed Grinder
  1644 | D:3      | Paralysed by Grinder for 2 turns
  1649 | D:3      | 1649 ||| ZAPPING wand of light (9) at -1,-5 (Grinder;
                  | floor).
  1650 | D:3      | 1650 ||| ZAPPING wand of light (8) at -1,-4 (Grinder;
                  | floor).
  1650 | D:3      | Killed Grinder
  1651 | D:3      | Reached skill level 7 in Dodging
  1651 | D:3      | Reached XP level 5. HP: 25/25 MP: 6/6
  1651 | D:3      | Reached XP level 6. HP: 30/30 MP: 7/7
  2077 | D:4      | Found a sacrificial altar of Ru.
  2086 | D:4      | Found an ornate altar of the Wu Jian Council.
  2239 | D:4      | Found Iruviloi's Jewellery Shoppe.
  2318 | D:4      | HP: 4/30 [burnt (4)]
  2319 | D:4      | HP: 1/30 [burnt (3)]
  2320 | D:4      | Incinerated by a bombardier beetle

Levels and vault maps discovered:
D:1:      nzn_arrival_crosshair, layout_loops_ring,
          chequers_ecumenical_altar_island
D:2:      minmay_angry_zag, layout_basic, basic_altar
D:3:      layout_loops_cross, ebering_ghost_sewer_d, uniq_grinder
D:4:      layout_loops_ring, mainiacjoe_overflow_large_starburst,
          nicolae_take_the_stairs

Skill      XL: |  1  2  3  4  5  6 |
---------------+-------------------+-----
Dodging        | 3 4 7 |  7.4
Ranged Weapons | 5 |  5.0
Fighting       | 2 |  2.3
Stealth        | |  1.5

Action                     |  1- 3 |  4- 6 || total
---------------------------+-------+-------++-------
   Fire: Shortbow          |    95 |    49 ||   144
  Evoke: Wand              |       |     2 ||     2
    Use: Scroll            |     8 |       ||     8
 Armour: Robe              |     4 |     2 ||     6
  Dodge: Dodged            |    19 |    12 ||    31

Table legend:
 A = Non-vault XP
 B = Vault XP
 C = Vault XP percentage of total XP
 D = Non-vault monster count
 E = Vault monster count
 F = Vault count percentage of total count
                 A         B        C        D         E       F
            +---------+---------+-------+---------+---------+-------
      Total |     207 |     270 |  56.6 |      65 |       9 |  12.2
            +---------+---------+-------+---------+---------+-------
        D:1 |      34 |       0 |   0.0 |      21 |       0 |   0.0
        D:2 |      42 |      16 |  27.6 |      17 |       8 |  32.0
        D:3 |      81 |     254 |  75.8 |      25 |       1 |   3.8
        D:4 |      50 |       0 |   0.0 |       2 |       0 |   0.0
            +---------+---------+-------+---------+---------+-------
